 Dungeon Crawl Stone Soup version 0.27-a0-1532-gca18f49f40 (webtiles) character file.

Game seed: 14960795983093141461

2 flotson the Sneak (level 1, 0/20 HPs)
             Began as a Djinni Delver on July 12, 2021.
             Slain by a centaur (1 damage)
             ... on level 7 of the Dungeon.
             The game lasted 00:01:06 (140 turns).

flotson the Sneak (Djinni Delver)                    Turns: 140, Time: 00:01:06

Health: 0/20       AC:  3    Str: 11    XL:     1   Next: 33%
Gold:   18         EV: 12    Int: 11    God:
                   SH:  0    Dex: 14

rFire    + + .     SeeInvis .   a - +1 hand axe
rCold    x . .     Faith    .   (no shield)
rNeg     . . .     Spirit   .   b - +0 leather armour
rPois    ∞         Reflect  .   (no helmet)
rElec    .         Harm     .   (no cloak)
rCorr    .         Rampage  .   (no gloves)
Will     .....                  (boots unavailable)
Stlth    ++........             (no amulet)
HPRegen  0.06/turn              (no ring)
MPRegen  0.00/turn              (no ring)

@: flying
A: sickness immunity, fire resistance 2, cold vulnerability 1, float, innate
caster, hp casting, extra vitality 1
a: no special abilities


You were on level 7 of the Dungeon.
You visited 1 branch of the dungeon, and saw 2 of its levels.

You collected 18 gold pieces.

Inventory:

Hand Weapons
 a - a +1 hand axe (weapon)
Armour
 b - a +0 leather armour (worn)
Wands
 g - a wand of digging (3)
Scrolls
 c - a scroll of fog


   Skills:
 + Level 3.0 Fighting
 + Level 1.6 Axes
 + Level 0.1 Armour
 + Level 2.2 Dodging
 - Level 4.1 Stealth
 + Level 0.1 Evocations


You couldn't memorise any spells.
You didn't know any spells.
Your spell library was empty.

Dungeon Overview and Level Annotations

Branches:
Dungeon (5/15)
 Temple: D:4-7

Altars:
Hepliaklqana


Innate Abilities, Weirdness & Mutations

You are immune to sickness and miasma.
You are immune to poison.
Your flesh is very heat resistant. (rF++)
You are vulnerable to cold. (rC-)
You float through the air rather than walking.
You learn spells naturally, not from books.
Your magical power is your life essence.
You have superior vitality. (+4 HP)


Message History

a +0 club; a +0 leather armour Your extra speed is starting to run out.
A howler monkey skeleton comes into view.
A sky beast comes into view.
You feel yourself slow down.
As you read the scroll labelled FOTHIU EKLUBO, it crumbles to dust.
It is a scroll of enchant weapon.
Your +0 hand axe glows red for a moment.
The howler monkey skeleton closely misses you.
As you read the scroll labelled LAUMOM USYS, it crumbles to dust.
It is a scroll of identify.
You don't have any unidentified items.
The howler monkey skeleton hits you but does no damage.
You aren't carrying any potions.
You hit the howler monkey skeleton.
The howler monkey skeleton is lightly damaged.
You hit the bullfrog.
The sentinel's mark upon you fades away.
The bullfrog hits you but does no damage.
The howler monkey skeleton hits you. The bullfrog hits you.
You hit the howler monkey skeleton.
The howler monkey skeleton is moderately damaged.
You hit the bullfrog.
The sky beast flickers out of sight!
Deactivating autopickup; reactivate with Ctrl-A.
The bullfrog hits you.
* * * LOW HITPOINT WARNING * * *
A centaur comes into view.
The bullfrog barely misses you. x2; A sky beast appears from thin air!
Reactivating autopickup.
The centaur moves out of view.
The bullfrog hits you.
* * * LOW HITPOINT WARNING * * *
The bullfrog barely misses you.
The centaur shouts!
The centaur hits you.
* * * LOW HITPOINT WARNING * * *
The centaur closely misses you.
The centaur hits you but does no damage.
The centaur kicks you.
You die...

##...#
##.)..#
##.....##
#.......#
##......##
#.....#.#
##.....###
#......#
####.c@#
###F# ***
#ZY# ****∩***
#..#
****,,,,,,**
#..#
**,,,,,,,,,,*
#.##
,,,,,,,,,,,,*
#.#
,,,,,,,,,,,,*
#.#
,,,,,,,,,,,,*
#.#****


You could see a sky beast, a bullfrog, a centaur and a howler monkey skeleton.

Vanquished Creatures
  An orc (D:7)
1 creature vanquished.

Notes
Turn   | Place    | Note
-------+----------+-------------------------------------------
     0 | D:5      | flotson the Djinni Delver began the quest for the Orb.
     0 | D:5      | Reached XP level 1. HP: 20/20 MP: 0/0
    56 | D:5      | Found a hazy altar of Hepliaklqana.
    59 | D:5      | You are sucked into a shaft and drop 2 floors!
    63 | D:7      | Noticed a bullfrog
   130 | D:7      | Noticed a sky beast
   136 | D:7      | Noticed a centaur
   139 | D:7      | HP: 1/20 [centaur (2)]
   140 | D:7      | Slain by a centaur

Illustrated notes

Levels and vault maps discovered:
D:5:      layout_basic, kennysheep_mini, amcnicky_altar_gilded,
          nicolae_qazlal_eye_of_the_storm, serial_shops, nicolae_shop_stone,
          shop, nicolae_shop_competitors_out_of_business, shop, uniq_eustachio,
          uniq_edmund
D:7:      layout_cave_pods, serial_shops, shop, uniq_pikel

Action                   || total
-------------------------++-------
Melee: Hand axe          ||     6
  Use: Scroll            ||     4
       Potion            ||     1
Armor: Leather armour    ||     3
Dodge: Dodged            ||     6

Table legend: (Time is in decaauts)
 A = Elapsed time spent in this place.
 B = Non-inter-level travel time spent in this place.
 C = Inter-level travel time spent in this place.
 D = Time resting spent in this place.
 E = Time spent auto-exploring this place.
 F = Levels seen in this place.
 G = Mean time per level.
                   A        B        C        D        E       F      G
               +--------+--------+--------+--------+--------+-----+--------+
         Total |    122 |    122 |      0 |      0 |     62 |   2 |   61.0 |
       Dungeon |    122 |    122 |      0 |      0 |     62 |   2 |   61.0 |
               +--------+--------+--------+--------+--------+-----+--------+

Top non-repeatable levels by time:
     D:7: 63 daAuts
     D:5: 59 daAuts
